 Dungeon Crawl Stone Soup version 0.21-a0-350-g2362ee1 (webtiles) character file.

881 Fandomethor the Carver (level 7, 0/57 HPs)
             Began as a Minotaur Fighter on Oct 9, 2017.
             Was an Initiate of the Shining One.
             Slain by an orc priest
             ... wielding a +1 hand axe of electrocution
              (16 damage)
             ... on level 4 of the Dungeon.
             The game lasted 00:07:15 (3447 turns).

Fandomethor the Carver (Minotaur Fighter)           Turns: 3447, Time: 00:07:16

Health: 0/57       AC:  8    Str: 30    XL:     7   Next: 75%
Magic:  6/6        EV:  7    Int:  5    God:    the Shining One [......]
Gold:   235        SH: 10    Dex: 10    Spells: 6/6 levels left

rFire    . . .     SeeInvis .   a - +0 long sword
rCold    . . .     Gourm    .   c - +0 shield
rNeg     . . .     Faith    .   b - +0 scale mail
rPois    .         Spirit   .   (helmet restricted)
rElec    .         Reflect  .   (no cloak)
rCorr    .         Harm     .   n - +0 pair of gloves
MR       .....                  (no boots)
Stlth    ..........             (no amulet)
HPRegen  0.19/turn              v - +3 ring of strength
MPRegen  0.10/turn              (no ring)

@: mighty, glowing
A: retaliatory headbutt, horns 2
a: Renounce Religion


You were on level 4 of the Dungeon.
You worshipped the Shining One.
The Shining One was noncommittal.
You were not hungry.

You visited 2 branches of the dungeon, and saw 5 of its levels.

You collected 235 gold pieces.

Inventory:

Hand Weapons
 a - a +0 long sword (weapon)
Armour
 b - a +0 scale mail (worn)
 c - a +0 shield (worn)
 n - a +0 pair of gloves (worn)
Jewellery
 v - a +3 ring of strength (left hand)
Wands
 t - a wand of polymorph (13/24)
Scrolls
 h - 3 scrolls of fog {unknown}
 i - 5 scrolls of teleportation
 j - a scroll of random uselessness {unknown}
 k - 3 scrolls of identify {unknown}
 p - a scroll of enchant weapon {unknown}
 q - 4 scrolls of remove curse
 r - 3 scrolls of enchant armour {unknown}
 w - a scroll of fear {unknown}
 y - a scroll of immolation {unknown}
Potions
 e - 2 potions of brilliance {unknown}
 l - a potion of invisibility {unknown}
 m - 3 potions of haste
 o - a potion of magic {unknown}
 s - 2 potions of degeneration {unknown}
 u - a potion of lignification {unknown}
Comestibles
 f - 4 bread rations
 g - 2 meat rations
 x - a chunk of flesh


   Skills:
 - Level 3.6 Fighting
 + Level 10.7 Long Blades
 - Level 3.6 Armour
 - Level 3.6 Shields


You had 6 spell levels left.
You didn't know any spells.

Dungeon Overview and Level Annotations

Branches:
Dungeon (4/15)             Temple (1/1) D:4

Altars:
Ashenzari
Cheibriados
Dithmenos
Elyvilon
Gozag
Kikubaaqudgha
Nemelex Xobeh
Okawaru
Qazlal
Ru
Sif Muna
Trog
Uskayaw
Vehumet
Wu Jian
Xom
Yredelemnul
Zin
The Shining One

Shops:
D:4 *?*(


Innate Abilities, Weirdness & Mutations

You reflexively headbutt those who attack you in melee.
You have a pair of horns on your head.


Message History

The orc priest is almost dead.
The orc wizard gestures wildly while chanting.
The orc wizard flickers and vanishes!
Deactivating autopickup; reactivate with Ctrl-A.
The orc priest moves out of view.
The orc priest hits you with a hand axe of electrocution.
* * * LOW HITPOINT WARNING * * *
You hit the orc priest but do no damage.
Your headbutt misses the orc priest.
The orc priest is almost dead.
Something hits you but does no damage.
The orc priest hits you but does no damage.
You barely miss the orc priest.
You headbutt the orc priest, but do no damage.
The orc priest is almost dead.
Something hits you but does no damage.
You feel very mighty all of a sudden.
The orc priest hits you but does no damage.
You are electrocuted!
You die...

##...# .....###+##
.....#....#####
.....'.........
.....#......... #
.....#......... .#
##...##...###.. ..#
.#...##...######## o.o.
.#...#...)).#...@##...##
.#...#.....)#...{ooo...#
.+...#.....('....#.....#
.#...#..<...#....#.....#
.#..#########(...# ....#
##..###..####....# ...##
#................## ###
#.................#
#.................#


You could see 2 orc priests and an orc.

Vanquished Creatures
  Sigmund (D:2)
  The ghost of Fandomethor the Slasher, an amateur MiFi (D:3)
  2 ogres (D:4)
  A howler monkey (D:4)
  Natasha (thrice) (D:2)
  A worker ant (D:4)
  Robin (D:3)
  4 gnolls
  9 adders
  An ooze (D:1)
  3 worms
  3 dart slugs
  3 leopard geckos
  13 orcs
  10 bats
  5 giant cockroaches
  23 goblins
  12 hobgoblins
  3 jackals (D:1)
  4 quokkas
  5 frilled lizards
  12 kobolds
  9 rats
129 creatures vanquished.

Notes
Turn   | Place    | Note
-------+----------+-------------------------------------------
     0 | D:1      | Fandomethor the Minotaur Fighter began the quest for the Orb.
     0 | D:1      | Reached XP level 1. HP: 19/19 MP: 0/0
   113 | D:1      | Reached skill level 3 in Long Blades
   129 | D:1      | Reached XP level 2. HP: 26/26 MP: 1/1
   272 | D:1      | Reached skill level 4 in Long Blades
   304 | D:1      | Reached XP level 3. HP: 24/31 MP: 2/2
   813 | D:1      | Reached skill level 5 in Long Blades
   997 | D:2      | Reached XP level 4. HP: 35/39 MP: 3/3
  1060 | D:2      | Noticed Sigmund
  1067 | D:2      | Killed Sigmund
  1067 | D:2      | Reached skill level 7 in Long Blades
  1067 | D:2      | Reached XP level 5. HP: 35/45 MP: 4/4
  1235 | D:2      | Reached XP level 6. HP: 42/51 MP: 5/5
  1401 | D:2      | Noticed Natasha
  1406 | D:2      | Killed Natasha
  1451 | D:2      | Reached skill level 8 in Long Blades
  1560 | D:2      | Noticed Natasha
  1565 | D:2      | Killed Natasha
  1707 | D:2      | Noticed Natasha
  1712 | D:2      | Killed Natasha
  1749 | D:3      | Noticed Fandomethor's ghost (amateur MiFi)
  2335 | D:3      | Found a faded altar of an unknown god.
  2498 | D:3      | Noticed Robin
  2525 | D:3      | Killed Robin
  2563 | D:3      | Found a snail-covered altar of Cheibriados.
  2858 | D:3      | Killed Fandomethor's ghost
  2858 | D:3      | Reached skill level 9 in Long Blades
  2858 | D:3      | Reached XP level 7. HP: 42/57 MP: 6/6
  2903 | D:4      | Found Giemevvyon's Weapon Emporium.
  2904 | D:4      | Found Feol's Assorted Antiques.
  2912 | D:4      | Found Zaneffat's General Store.
  2912 | D:4      | Found Bopsiq Weep's Magic Scroll Emporium.
  2920 | D:4      | Reached skill level 10 in Long Blades
  2984 | D:4      | Found a staircase to the Ecumenical Temple.
  2999 | Temple   | Entered the Ecumenical Temple
  3039 | Temple   | Became a worshipper of the Shining One
  3447 | D:4      | Slain by an orc priest

Vault maps used:
D:1:      dpeg_arrival_chase, serial_park_tiny_pond, kennysheep_crisscross,
          minmay_pentomino_w4
D:2:      uniq_sigmund, uniq_natasha
D:3:      kennysheep_slug_shrine, chequers_ecumenical_altar_simple, uniq_robin
D:4:      minmay_temple_entry_crystal_x, first_bread, grunt_ministairs_8,
          minmay_shop_grid_forest, minmay_box_of_dots
Temple:   regret_index_temple_mists

Skill      XL: |  1  2  3  4  5  6  7 |
---------------+----------------------+-----
Long Blades    | 3 4 5 7 9 10 | 10.7
Fighting       | |  3.6
Armour         | |  3.6
Shields        | |  3.6

Action                   |  1- 3 |  4- 6 |  7- 9 || total
-------------------------+-------+-------+-------++-------
Melee: Long sword        |    92 |   175 |    58 ||   325
       Headbutt          |    13 |    29 |     9 ||    51
  Use: Scroll            |     1 |     1 |       ||     2
       Potion            |       |       |     1 ||     1
  Eat: Chunk             |       |     6 |     3 ||     9
Armor: Scale mail        |    44 |    82 |    14 ||   140
       Skin              |       |     5 |       ||     5
Dodge: Dodged            |    28 |    60 |    12 ||   100
Block: Shield            |    53 |    36 |    22 ||   111
       Buckler           |     3 |    19 |       ||    22
       Rpst.: Long sword |    10 |    16 |     5 ||    31

Table legend:
 A = Spawn XP
 B = Non-spawn XP
 C = Spawn XP percentage of total XP
 D = Spawn monster count
 E = Non-spawn monster count
 F = Spawn count percentage of total count
 G = Total turns spent on level
                    A         B        C        D         E        F      G
               +---------+---------+-------+---------+---------+-------+---------
         Total |       0 |    1259 |   0.0 |       0 |     129 |   0.0 |  3447
               +---------+---------+-------+---------+---------+-------+---------
           D:1 |       0 |      85 |   0.0 |       0 |      40 |   0.0 |   994
           D:2 |       0 |     444 |   0.0 |       0 |      30 |   0.0 |  1050
           D:3 |       0 |     319 |   0.0 |       0 |      40 |   0.0 |   834
           D:4 |       0 |     405 |   0.0 |       0 |      17 |   0.0 |   424
        Temple |       0 |       6 |   0.0 |       0 |       2 |   0.0 |   145
               +---------+---------+-------+---------+---------+-------+---------
